 Dungeon Crawl Stone Soup version 0.28-a0-662-g1651b1f1e0 (webtiles) character file.

Game seed: 12606637485662402023

1270 sizableburger the Covert (level 8, -6/47 (49) HPs)
             Began as a Kobold Brigand on Oct 14, 2021.
             Was an Initiate of Kikubaaqudgha.
             Mangled by a wight (11 damage)
             ... on level 5 of the Dungeon.
             The game lasted 00:13:01 (6493 turns).

sizableburger the Covert (Kobold Brigand)           Turns: 6493, Time: 00:13:02

HP:   -6/47 (49)    AC:  3    Str:  8    XL:     8   Next: 83%
MP:   9/9           EV: 16    Int: 15    God:    Kikubaaqudgha [......]
Gold: 225           SH:  0    Dex: 16    Spells: 9/9 levels left

rFire   . . .      SeeInvis .   a - +4 dagger (drain)
rCold   . . .      Faith    .   (shield restricted)
rNeg    . . .      Spirit   .   b - +0 robe
rPois   .          Reflect  .   (no helmet)
rElec   .          Harm     .   c - +0 cloak
rCorr   .          Rampage  .   (no gloves)
Will    .....                   (no boots)
Stlth   +++++.....              (no amulet)
HPRegen 0.15/turn               (no ring)
MPRegen 0.11/turn               (no ring)

@: lightly drained
A: small, no large weapons, nightstalker 3
a: Renounce Religion


You were on level 5 of the Dungeon.
You worshipped Kikubaaqudgha.
Kikubaaqudgha was noncommittal.
You visited 2 branches of the dungeon, and saw 7 of its levels.

You collected 225 gold pieces.

Inventory:

Hand Weapons
 a - a +4 dagger of draining (weapon)
Missiles
 d - 8 poisoned darts (quivered)
 e - a curare-tipped dart
 o - 6 atropa-tipped darts
Armour
 b - a +0 robe (worn)
 c - a +0 cloak (worn)
Jewellery
 h - a ring of flight
 m - a ring of magical power
 p - an amulet of reflection
Scrolls
 k - 4 scrolls of noise
 l - a scroll of fog
 n - a scroll of identify
 q - a scroll of teleportation
 r - a scroll of magic mapping {unknown}
 t - 3 scrolls of fear {unknown}
Potions
 f - 3 potions of curing
 g - a potion of cancellation
 i - a potion of resistance
 j - a potion of magic {unknown}
 s - a potion of mutation {unknown}


   Skills:
 - Level 5.3 Fighting
 + Level 8.0 Short Blades
 - Level 2.1 Throwing
 + Level 4.2 Dodging
 - Level 9.4 Stealth
 + Level 1.2 Spellcasting
 + Level 1.3 Necromancy


You had 9 spell levels left.
You didn't know any spells.
Your spell library contained the following spells:

 Spells                   Type           Power      Damage    Failure   Level
 Apportation              Tloc           0%         N/A       24%         1
 Beastly Appendage        Tmut           0%         N/A       24%         1
 Wereblood                Tmut           0%         N/A       36%         2
 Dazzling Flash           Conj/Hex       0%         N/A       58%         3
 Spider Form              Tmut/Pois      0%         N/A       58%         3
 Summon Lightning Spire   Summ/Air       0%         N/A       94%         4
 Agony                    Necr           4%         N/A       98%         5
 Alistair's Intoxication  Tmut/Pois      0%         N/A       100%        5
 Silence                  Hex/Air        0%         N/A       100%        5
 Invisibility             Hex            0%         N/A       100%        6
 Storm Form               Tmut/Air       0%         N/A       100%        7
 Maxwell's Capacitive Co  Air            0%         ∞         100%        8


Dungeon Overview and Level Annotations

Branches:
Dungeon (6/15)             Temple (1/1) D:6

Altars:
Cheibriados
Dithmenos
Elyvilon
Gozag
Hepliaklqana
Kikubaaqudgha
Makhleb
Nemelex Xobeh
Okawaru
Ru
Sif Muna
Trog
Uskayaw
Vehumet
Wu Jian
Xom
Yredelemnul
Zin
The Shining One

Shops:
D:1 *   D:6 ?


Innate Abilities, Weirdness & Mutations

You are small and have problems with some larger weapons.
You are completely attuned to the shadows.


Message History

You are too injured to fight recklessly!
You are too injured to fight recklessly!
You are too injured to fight recklessly!
You are too injured to fight recklessly!
You are too injured to fight recklessly!
You are too injured to fight recklessly!
You are too injured to fight recklessly!
You are too injured to fight recklessly!
You are too injured to fight recklessly!
You are too injured to fight recklessly!
You are too injured to fight recklessly!
You are too injured to fight recklessly!
You are too injured to fight recklessly!
You barely miss the wight.
The wight is severely damaged.
You hit the wight but do no damage.
The wight is severely damaged.
The wight hits you with a +3 battleaxe of freezing!
The wight freezes you.
* * * LOW HITPOINT WARNING * * *
You hit the wight.
The wight is severely damaged.
The wight hits you with a +3 battleaxe of freezing!
* * * LOW HITPOINT WARNING * * *
The wight freezes you.
* * * LOW HITPOINT WARNING * * *
You hit the wight but do no damage.
The wight is severely damaged.
You hit the wight but do no damage.
The wight is severely damaged.
The wight misses you.
You hit the wight but do no damage.
The wight is severely damaged.
Okay, then.
Okay, then.
You hit the wight but do no damage.
The wight is severely damaged.
The wight hits you with a +3 battleaxe of freezing!
You die...
Kikubaaqudgha rasps: "You have failed me!
Welcome... death!"

#.# #........# #####. ##.#
#........# ##..##. ###..#
#........#####..(##. .....#
#..............#.##.
♣♣.♣♣#########...................
♣♣≈♣♣..........................#.
♣♣≈♣♣♣................#.######...
♣P≈♣ ♣♣#.................## ###.
♣♣≈♣♣♣♣♣♣.......@.........## #.
♣≈≈≈♣P.≈P.......z(.........# ##
≈≈≈≈.≈≈≈...................#
♣≈.≈P♣.≈♣#...............(.####
♣♣≈≈♣♣♣♣♣..#..................###
♣♣≈≈♣♣♣....................##...#
♣♣≈♣♣.....#.#..............###...
♣♣.♣♣..................).#.# #.##
♣♣.≈♣........))........###.###'##


You could see a wight.

Vanquished Creatures
  A black bear (D:5)
  An ice beast (D:5)
  A sky beast (D:6)
  A necrophage (D:4)
  2 ogres
  A phantom (D:4)
  A bullfrog (D:5)
  3 scorpions
  2 water moccasin skeletons
  A centaur zombie (D:5)
  An orc priest (D:5)
  A jelly (D:4)
  Jessica (D:3)
  3 iguanas
  4 adders
  4 gnolls (D:5)
  An ufetubus (D:6)
  A worm (D:2)
  A dart slug (D:2)
  12 orcs
  6 ball pythons
  3 bats
  2 endoplasms
  3 giant cockroaches
  8 goblins
  A hobgoblin (D:3)
  11 jackals
  2 kobolds
  2 quokkas
  A frilled lizard (D:2)
  6 rats
88 creatures vanquished.

Vanquished Creatures (others)
  32 plants
32 creatures vanquished.

Grand Total: 120 creatures vanquished

Notes
Turn   | Place    | Note
-------+----------+-------------------------------------------
     0 | D:1      | sizableburger the Kobold Brigand began the quest for the
                  | Orb.
     0 | D:1      | Reached XP level 1. HP: 12/12 MP: 1/1
     4 | D:1      | Noticed an electric eel
     7 | D:1      | Noticed an electric eel
   235 | D:1      | Reached XP level 2. HP: 18/18 MP: 2/2
   447 | D:1      | Found Bemujo's Assorted Antiques.
   840 | D:2      | Reached XP level 3. HP: 22/22 MP: 3/3
  1173 | D:2      | Reached skill level 6 in Stealth
  1518 | D:3      | Reached XP level 4. HP: 28/28 MP: 4/4
  2183 | D:3      | Noticed Jessica
  2647 | D:3      | Killed Jessica
  2648 | D:3      | Reached XP level 5. HP: 32/32 MP: 5/5
  2781 | D:3      | Found a sparkling altar of Nemelex Xobeh.
  2945 | D:3      | Found a faded altar of an unknown god.
  3115 | D:4      | Found a glowing silver altar of Zin.
  3181 | D:4      | Noticed a necrophage
  3214 | D:4      | Killed a necrophage
  3215 | D:4      | Reached skill level 5 in Short Blades
  3215 | D:4      | Reached skill level 7 in Stealth
  3215 | D:4      | Reached XP level 6. HP: 13/38 MP: 6/6
  4040 | D:4      | Reached XP level 7. HP: 42/44 MP: 7/7
  4237 | D:5      | Entered Level 5 of the Dungeon
  4299 | D:5      | Found a radiant altar of Vehumet.
  4327 | D:5      | Reached skill level 5 in Fighting
  4416 | D:4      | Reached skill level 8 in Stealth
  5204 | D:5      | Reached XP level 8. HP: 49/49 MP: 8/8
  5394 | D:6      | Reached skill level 9 in Stealth
  5399 | D:6      | Found Juytasomept's Magic Scroll Shop.
  5691 | D:6      | Found a staircase to the Ecumenical Temple.
  5728 | Temple   | Entered the Ecumenical Temple
  5933 | Temple   | Became a worshipper of Kikubaaqudgha
  6209 | D:5      | Reached skill level 1 in Spellcasting
  6209 | D:5      | Reached skill level 1 in Necromancy
  6493 | D:5      | Mangled by a wight

Illustrated notes

Levels and vault maps discovered:
D:1:      arrival_aquarium_b, layout_basic, serial_shops, nicolae_lakefront_shop
D:2:      layout_basic
D:3:      layout_rooms, nemelex_altar_shiori,
          hellmonk_ecumenical_altar_heavens_door, uniq_jessica
D:4:      layout_basic, mainiacjoe_overflow_alcove_1,
          minmay_misc_feat_more_columns, kennysheep_boxes
D:5:      layout_rooms, nicolae_vehumet_altar_sigil, roderic_three_in_a_row,
          eino_tiny_chamber, serial_bayou_crossing
D:6:      layout_basic, minmay_temple_entry_gardened_gates, serial_shops,
          shop_scrolls, shop_scrolls, grunt_ministairs_8, serial_bayou_lagoon_a,
          uniq_edmund
Temple:   nicolae_temple_elliptical

Skill      XL: |  1  2  3  4  5  6  7  8 |
---------------+-------------------------+-----
Short Blades   | 3 4 5 6 8 |  8.0
Fighting       | 3 4 5 |  5.3
Stealth        | 6 7 8 9 |  9.4
Dodging        | 2 4 |  4.2
Spellcasting   | 1 |  1.2
Necromancy     | 1 |  1.3
Throwing       | |  2.1

Action                   |  1- 3 |  4- 6 |  7- 9 || total
-------------------------+-------+-------+-------++-------
Melee: Dagger            |    66 |   184 |   125 ||   375
Throw: Dart              |       |     5 |     4 ||     9
  Use: Scroll            |     6 |     5 |     2 ||    13
       Potion            |       |       |     3 ||     3
 Stab: Sleeping          |    17 |     6 |    11 ||    34
       Distracted        |     2 |     1 |     2 ||     5
       Invisible         |       |       |     1 ||     1
Armor: Robe              |     9 |    34 |     7 ||    50
       Skin              |       |       |    12 ||    12
Dodge: Dodged            |    32 |   140 |    58 ||   230
Block: Other             |       |     8 |    12 ||    20
       Reflection        |       |       |     1 ||     1

Table legend: (Time is in decaauts)
 A = Elapsed time spent in this place.
 B = Non-inter-level travel time spent in this place.
 C = Inter-level travel time spent in this place.
 D = Time resting spent in this place.
 E = Time spent auto-exploring this place.
 F = Levels seen in this place.
 G = Mean time per level.
                   A        B        C        D        E       F      G
               +--------+--------+--------+--------+--------+-----+--------+
         Total |   6431 |   6236 |    195 |   2038 |   3207 |   7 |  918.7 |
       Dungeon |   6215 |   6050 |    165 |   2038 |   3044 |   6 | 1035.8 |
        Temple |    215 |    185 |     30 |      0 |    163 |   1 |  215.0 |
               +--------+--------+--------+--------+--------+-----+--------+

Top non-repeatable levels by time:
     D:4: 1456 daAuts
     D:3: 1269 daAuts
     D:5: 1117 daAuts
     D:2: 1086 daAuts
     D:1: 649 daAuts
     D:6: 637 daAuts
  Temple: 215 daAuts
